 Dungeon Crawl Stone Soup version 0.29.1-15-g9cfb28693d (webtiles) character file.

Game seed: 9616997918196428452

311 aat93 the Cleaver (level 6, -1/51 HPs)
             Began as a Minotaur Fighter on May 2, 2023.
             Succumbed to an orc wizard's poison
             ... on level 4 of the Dungeon.
             The game lasted 00:10:22 (4590 turns).

aat93 the Cleaver (Minotaur Fighter)                Turns: 4590, Time: 00:10:23

Health: -1/51      AC:  9    Str: 23    XL:     6   Next: 18%
Magic:  5/5        EV:  7    Int:  5    God:
Gold:   421        SH:  4    Dex:  9    Spells: 5/5 levels left

rFire   . . .      SeeInvis .   a - +0 war axe
rCold   . . .      Faith    .   c - +0 buckler
rNeg    . . .      Spirit   .   s - +0 chain mail
rPois   .          Reflect  .   (helmet restricted)
rElec   .          Harm     .   (no cloak)
rCorr   .          Rampage  .   (no gloves)
Will    .....                   (no boots)
Stlth   ..........              (no amulet)
HPRegen 0.17/turn               (no ring)
MPRegen 0.09/turn               (no ring)

@: lethally poisoned (-1 -> -18)
A: horns 2, retaliatory headbutt
a: no special abilities


You were on level 4 of the Dungeon.
You visited 1 branch of the dungeon, and saw 4 of its levels.
You also visited: Ossuary.

You collected 421 gold pieces.

Inventory:

Hand Weapons
 a - a +0 war axe (weapon)
 d - a +2 vorpal flail
Missiles
 g - 50 stones (quivered)
Armour
 c - a +0 buckler (worn)
 s - a +0 chain mail (worn)
Jewellery
 r - a ring of poison resistance
Wands
 b - a wand of charming (14)
Scrolls
 e - 6 scrolls of identify {unknown}
 f - a scroll of enchant weapon {unknown}
 h - 2 scrolls of blinking {unknown}
 i - 2 scrolls of enchant armour {unknown}
 j - a scroll of noise {unknown}
 k - 2 scrolls of magic mapping {unknown}
 l - a scroll of amnesia {unknown}
 m - 2 scrolls of teleportation {unknown}
 o - a scroll of fear {unknown}
 p - a scroll of acquirement {unknown}
 v - a scroll of fog {unknown}
Potions
 n - 2 potions of ambrosia {unknown}
 q - a potion of heal wounds {unknown}
 t - a potion of resistance {unknown}
 u - 2 potions of attraction {unknown}
 w - a potion of haste {unknown}
 x - a potion of berserk rage {unknown}
 z - a potion of might


   Skills:
 - Level 3.6 Fighting
 + Level 8.0 Axes
 - Level 3.6 Armour
 - Level 3.6 Shields


You had 5 spell levels left.
You didn't know any spells.
Your spell library contained the following spells:

 Spells                   Type           Power      Damage    Failure   Level
 Sublimation of Blood     Necr           0%         N/A       100%        2
 Confusing Touch          Hex            0%         N/A       100%        3
 Petrify                  Tmut/Erth      0%         N/A       100%        4
 Irradiate                Conj/Tmut      0%         3d11      100%        5
 Yara's Violent Unravell  Hex/Tmut       0%         3d3       100%        5
 Enfeeble                 Hex            0%         N/A       100%        7


Dungeon Overview and Level Annotations

Branches:
Dungeon (4/15)            Ossuary (visited)
 Temple: D:4-7

Altars:
Hepliaklqana
Sif Muna


Innate Abilities, Weirdness & Mutations

You have a pair of horns on your head.
You reflexively headbutt those who attack you in melee.


Message History

Deactivating autopickup; reactivate with Ctrl-A.
The gnoll hits you with a +0 whip.
You completely miss the gnoll.
You headbutt the gnoll, but do no damage.
The gnoll hits you with a +0 whip.
The orc wizard casts a spell.
The orc wizard flickers and vanishes!
You hit the gnoll but do no damage. The gnoll hits you with a +0 whip.
You are too injured to fight recklessly!
You are too injured to fight recklessly!
You slash the gnoll!
You kill the gnoll!
You closely miss something.
An orc comes into view. It is wielding a +0 dagger.
Something hits you but does no damage.
You are poisoned.
Your Axes skill increases to level 8!
You feel very sick. Something hits you.
Things that are here:
a +0 whip; a gnoll corpse Something hits you.
You are more poisoned.
You feel very sick.
You feel very sick. Something hits you but does no damage.
You are lethally poisoned!
* * * LOW HITPOINT WARNING * * *
You feel very sick.
An orc comes into view. It is wielding a +0 hand axe.
A magic dart appears from out of thin air!
The magic dart hits something.
* * * LOW HITPOINT WARNING * * *
You feel very sick.
* * * LOW HITPOINT WARNING * * *
You feel very sick.
You hear some strange, mumbled words.
Something tries to affect you, but you resist.
Something hits you but does no damage.
You are more poisoned.
You die...

..##....# #.........?.
........# #........o..
........# #..)).......
........# #...)...#
........# #.......#
####....# #..o.o..#
..##....# #...{...#
..############.......#
..##...#........@....#
.......'......########
..##...#......#
..##...#......#
..######......#
..#.....#######
..#.....# ..#.....#
..#.....#


You could see 3 orcs.

Vanquished Creatures
  An orc priest (D:3)
  Terence (D:3)
  An orc wizard (D:3)
  8 mummies (Ossuary)
  3 gnolls (D:4)
  2 adders (D:2)
  A worm (D:2)
  2 dart slugs
  9 orcs
  8 ball pythons
  5 endoplasms
  5 goblins
  7 hobgoblins
  2 quokkas (D:1)
  3 bats
  8 frilled lizards
  2 hobgoblin zombies (Ossuary)
  5 kobolds
  6 kobold zombies (Ossuary)
  6 rats
85 creatures vanquished.

Notes
Turn   | Place    | Note
-------+----------+-------------------------------------------
     0 | D:1      | aat93 the Minotaur Fighter began the quest for the Orb.
     0 | D:1      | Reached XP level 1. HP: 19/19 MP: 0/0
    93 | D:1      | Reached skill level 3 in Axes
   313 | D:1      | Reached XP level 2. HP: 26/26 MP: 1/1
   549 | D:1      | Reached skill level 4 in Axes
   610 | D:1      | You fall into a shaft and drop 1 floor!
   658 | D:2      | Reached XP level 3. HP: 12/31 MP: 2/2
   952 | D:2      | Found a faded altar of an unknown god.
  1111 | D:2      | Found a hazy altar of Hepliaklqana.
  1350 | D:2      | Reached skill level 5 in Axes
  2776 | D:3      | Found a shimmering blue altar of Sif Muna.
  2934 | D:3      | Noticed Terence
  2947 | D:3      | Killed Terence
  2948 | D:3      | Reached XP level 4. HP: 39/39 MP: 3/3
  3298 | D:3      | Found a hazy altar of Hepliaklqana.
  3367 | D:3      | Reached skill level 6 in Axes
  3370 | D:3      | Reached XP level 5. HP: 36/45 MP: 4/4
  3981 | D:4      | Found a sand-covered staircase.
  4013 | Ossuary  | Entered an ossuary
  4029 | Ossuary  | Reached skill level 7 in Axes
  4258 | Ossuary  | Reached XP level 6. HP: 37/51 MP: 5/5
  4584 | D:4      | Reached skill level 8 in Axes
  4590 | D:4      | Succumbed to an orc wizard's poison

Illustrated notes

Levels and vault maps discovered:
D:1:      saegor_arrival_fortress, layout_basic, kennysheep_nondescript,
          grunt_decor_fettered
D:2:      layout_loops_ring, hellmonk_ecumenical_altar_heavens_door,
          basic_altar, kennysheep_minor_cross, grunt_ministairs_1
D:3:      layout_loops_corners, nicolae_sif_muna_condensation,
          mainiacjoe_overflow_catwalk, uniq_terence
D:4:      cheibrodos_quashed, layout_gridville,
          nicolae_ossuary_entry_false_entrances

Skill      XL: |  1  2  3  4  5  6 |
---------------+-------------------+-----
Axes           | 3 4 5 6 7 8 |  8.0
Fighting       | |  3.6
Armour         | |  3.6
Shields        | |  3.6

Action                   |  1- 3 |  4- 6 || total
-------------------------+-------+-------++-------
Melee: War axe           |    97 |    67 ||   164
       Headbutt          |    12 |    11 ||    23
  Use: Potion            |     2 |       ||     2
Armor: Scale mail        |    34 |     6 ||    40
       Chain mail        |       |    17 ||    17
Dodge: Dodged            |    38 |    23 ||    61
Block: Buckler           |    24 |    16 ||    40
